 Dungeon Crawl Stone Soup version 0.27-a0-1302-g7736ffe575 (webtiles) character file.

Game seed: 6164037045108406931

2255 Feb132020 the Reanimator (level 9, 0/49 HPs)
             Began as a Deep Elf Necromancer on June 18, 2021.
             Was an Initiate of Ashenzari.
             Engulfed by a fire crab (shapeshifter)'s flame (11 damage)
             ... on level 8 of the Dungeon.
             The game lasted 00:36:59 (10895 turns).

Feb132020 the Reanimator (Deep Elf Necromancer)    Turns: 10895, Time: 00:37:00

Health: 0/49       AC:  5    Str:  5    XL:     9   Next: 15%
Magic:  13/24      EV: 16    Int: 21    God:    Ashenzari [......]
Gold:   237        SH:  0    Dex: 24    Spells: 17/26 levels left

rFire    . . .     SeeInvis .   A - +2 dagger (venom)
rCold    . . .     Faith    .   (no shield)
rNeg     . . .     Spirit   .   f - +0 robe
rPois    .         Reflect  .   r - +0 helmet
rElec    .         Harm     .   u - +0 cloak
rCorr    .         Rampage  .   (no gloves)
Will     .....                  j - +0 pair of boots
Stlth    ++++......             s - amulet of magic regeneration
HPRegen  0.16/turn              l - ring of flight
MPRegen  0.44/turn              o - +6 ring of dexterity

@: flying
A: no striking features
a: Renounce Religion, Curse Item


You were on level 8 of the Dungeon.
You worshipped Ashenzari.
Ashenzari was noncommittal.
You visited 2 branches of the dungeon, and saw 9 of its levels.

You collected 237 gold pieces.

Inventory:

Hand Weapons
 a - a +0 dagger of venom
 e - a +0 short sword
 A - a +2 dagger of venom (weapon)
Armour
 f - a +0 robe (worn)
 i - a +0 leather armour of fire resistance
 j - a +0 pair of boots (worn)
 r - a +0 helmet (worn)
 u - a +0 cloak (worn)
Magical Staves
 b - a staff of death
Jewellery
 c - a ring of ice
 l - a ring of flight (left hand)
 o - a +6 ring of dexterity (right hand)
 s - an amulet of magic regeneration (around neck)
Wands
 n - a wand of acid (13)
 v - a wand of iceblast (5)
Scrolls
 h - 6 scrolls of teleportation
 q - a scroll of amnesia
 x - a scroll of summoning
 y - a scroll of enchant armour
 z - a scroll of enchant weapon
Potions
 d - a potion of magic
 g - a potion of might
 k - a potion of haste
 m - a potion of lignification
 p - a potion of heal wounds
 t - 3 potions of ambrosia
 w - a potion of mutation


   Skills:
 + Level 2.4 Fighting
 + Level 3.9 Short Blades
 + Level 5.6 Dodging
 + Level 6.0 Stealth
 + Level 9.0 Spellcasting
 + Level 9.1 Necromancy
 + Level 0.7 Evocations


You had 17 spell levels left.
You knew the following spells:

 Your Spells              Type           Power      Damage    Failure   Level
a - Pain                  Necr           100%       1d9       1%          1
b - Vampiric Draining     Necr           23%        2d9       1%          3
D - Animate Dead          Necr           23%        N/A       1%          4
S - Animate Skeleton      Necr           94%        N/A       1%          1

Your spell library contained the following spells:

 Spells                   Type           Power      Damage    Failure   Level
 Agony                    Necr           47%        N/A       4%          5
 Sting                    Tmut/Pois      36%        1d4       7%          1
 Poisonous Vapours        Pois/Air       18%        N/A       11%         2
 Ignite Poison            Fire/Tmut/Pois 9%         N/A       22%         3
 Mephitic Cloud           Conj/Pois/Air  9%         N/A       22%         3
 Olgreb's Toxic Radiance  Pois           9%         N/A       56%         4


Dungeon Overview and Level Annotations

Branches:
Dungeon (8/15)             Temple (1/1) D:5
   Lair: D:8-11

Altars:
Ashenzari
Cheibriados
Dithmenos
Elyvilon
Fedhas
Gozag
Hepliaklqana
Kikubaaqudgha
Makhleb
Nemelex Xobeh
Okawaru
Ru
Sif Muna
Trog
Uskayaw
Vehumet
Wu Jian
Xom
Yredelemnul
Zin
The Shining One

Shops:
D:2 :

Annotations:
D:8 Joseph


Message History

The blast of flame engulfs you.
Unknown command.
Unknown command.
Unknown command.
Unknown command.
Casting: Vampiric Draining (safe; 1% risk of failure)
Confirm with . or Enter, or press ? or * to list all spells.
Aiming: Vampiric Draining (safe; 1% risk of failure)
Press: ? - help, Shift-Dir - straight line, f/p - fire crab
Aim: a fire crab (flame, lightly wounded)
You draw life force from the fire crab!
You feel life coursing into your body.
You are engulfed in blazing flames.
* * * LOW HITPOINT WARNING * * *
The fire crab breathes flames at you. The blast of flame misses you.
Unknown command.
Unknown command.
Unknown command.
Unknown command.
Casting: Vampiric Draining (safe; 1% risk of failure)
Confirm with . or Enter, or press ? or * to list all spells.
Aiming: Vampiric Draining (safe; 1% risk of failure)
Press: ? - help, Shift-Dir - straight line, f/p - fire crab
Aim: a fire crab (moderately wounded)
You draw life force from the fire crab!
You feel life coursing into your body! The fire crab breathes flames at you.
The blast of flame engulfs you.
* * * LOW HITPOINT WARNING * * *
Unknown command.
Unknown command.
Unknown command.
Unknown command.
Casting: Vampiric Draining (safe; 1% risk of failure)
Confirm with . or Enter, or press ? or * to list all spells.
Aiming: Vampiric Draining (safe; 1% risk of failure)
Press: ? - help, Shift-Dir - straight line, f/p - fire crab
Aim: a fire crab (flame, heavily wounded)
You draw life force from the fire crab.
You feel life coursing into your body.
You are engulfed in blazing flames.
You die...

#....### #.# #......#
#.###
#....#.###...######
#..................
#..########........
####..#......(########
..##..#.######.......#
..##..# #...°°######.#
..?...# #.####°°@t○#
..#...# #.°°####○#
..##..# #.## # ..##..#
# ..##.#.# ####.#.# #
#.#.# # #.#.# #


You could see a fire crab.

Vanquished Creatures
  2 steam dragons
  3 water moccasins
  A black bear (D:6)
  A sky beast (D:7)
  A necrophage (D:7)
  An ice beast (D:6)
  2 ogres
  2 centaurs
  A kobold brigand (D:7)
  4 scorpions
  4 wights (D:7)
  2 howler monkeys (D:7)
  2 hounds (D:6)
  A centaur zombie (D:5)
  A jelly (D:6)
  An orc priest (D:3)
  2 bullfrog skeletons
  2 centaur skeletons
  2 iguanas
  A scorpion zombie (D:5)
  2 killer bee zombies
  A howler monkey skeleton (D:7)
  6 adders
  An adder skeleton (D:4)
  A dart slug (D:1)
  11 orcs
  5 endoplasms
  2 giant cockroaches
  6 goblins
  3 hobgoblins
  3 jackals (D:4)
  14 kobolds
  7 ball pythons
  3 bats
  3 frilled lizards
  4 rats
108 creatures vanquished.

Vanquished Creatures (collateral kills)
  A goblin (D:1)
1 creature vanquished.

Vanquished Creatures (others)
  12 fungi (D:4)
12 creatures vanquished.

Grand Total: 121 creatures vanquished

Notes
Turn   | Place    | Note
-------+----------+-------------------------------------------
     0 | D:1      | Feb132020 the Deep Elf Necromancer began the quest for the
                  | Orb.
     0 | D:1      | Reached XP level 1. HP: 10/10 MP: 6/6
   222 | D:1      | Reached skill level 5 in Necromancy
   687 | D:1      | Reached XP level 2. HP: 9/15 MP: 6/8
   821 | D:1      | Learned a level 1 spell: Animate Skeleton
  1711 | D:2      | Reached XP level 3. HP: 17/19 MP: 9/9
  1715 | D:2      | Learned a level 3 spell: Vampiric Draining
  2267 | D:2      | You are sucked into a shaft and drop 2 floors!
  2539 | D:3      | Found a burning altar of Makhleb.
  2553 | D:3      | Found a glowing silver altar of Zin.
  2553 | D:3      | Noticed an angel
  2554 | D:3      | Noticed an Executioner
  2671 | D:2      | Found a faded altar of an unknown god.
  2954 | D:2      | Reached XP level 4. HP: 24/24 MP: 11/11
  2967 | D:2      | Found Quxkopao's Book Boutique.
  3147 | D:2      | Learned a level 4 spell: Animate Dead
  3169 | D:3      | Reached skill level 1 in Short Blades
  3451 | D:4      | Noticed a scorpion
  3460 | D:4      | Killed a scorpion
  3461 | D:4      | Reached XP level 5. HP: 27/28 MP: 8/13
  3797 | D:4      | Identified a scroll of acquirement
  3797 | D:4      | Acquired a staff of death
  4680 | D:5      | Entered Level 5 of the Dungeon
  4833 | D:4      | Reached XP level 6. HP: 15/33 MP: 13/15
  5048 | D:5      | Found a staircase to the Ecumenical Temple.
  5072 | Temple   | Entered the Ecumenical Temple
  5545 | D:5      | Reached skill level 1 in Fighting
  5734 | D:5      | Reached skill level 5 in Spellcasting
  6168 | D:5      | Found a radiant altar of Vehumet.
  6170 | D:5      | Found an ancient bone altar of Kikubaaqudgha.
  6339 | D:6      | Noticed a water moccasin
  6397 | D:6      | Killed a water moccasin
  6398 | D:6      | Reached XP level 7. HP: 36/38 MP: 10/17
  6718 | D:6      | Reached skill level 5 in Stealth
  7196 | D:6      | Found a sacrificial altar of Ru.
  7196 | D:6      | Found a shimmering altar of Xom.
  7200 | D:6      | Reached XP level 8. HP: 44/44 MP: 18/20
  7203 | D:6      | Found an ornate altar of the Wu Jian Council.
  7205 | D:6      | Found a broken altar of Ashenzari.
  7206 | D:6      | Found an opulent altar of Gozag.
  7210 | D:6      | Became a worshipper of Ashenzari the Shackled
  8639 | D:7      | Reached skill level 5 in Dodging
  9693 | D:8      | Noticed Joseph
  9883 | D:8      | Reached XP level 9. HP: 34/48 MP: 16/23
 10887 | D:8      | Noticed a fire crab
 10895 | D:8      | Engulfed by a fire crab (shapeshifter)'s flame

Illustrated notes

Levels and vault maps discovered:
D:1:      dpeg_arrival_round_a, layout_basic
D:2:      layout_basic, chequers_ecumenical_altar_simple, serial_shops,
          nicolae_shop_behind_doors, bh_walls_and_bars
D:3:      layout_rooms, grunt_temple_overflow_order_and_chaos_2
D:4:      layout_basic, serial_aquarium, aquarium_bridge_island_small
          [aquarium_subvault_small_open, aquarium_subvault_window,
          aquarium_subvault_wall, aquarium_subvault_balcony,
          aquarium_subvault_bridge], aquarium_bridge_square
          [aquarium_subvault_window, aquarium_subvault_bridge,
          aquarium_subvault_balcony, aquarium_subvault_wall],
          aquarium_window_fake, aquarium_window_2, aquarium_view_2d,
          aquarium_view_2e, aquarium_balcony_1b
D:5:      layout_basic, minitemple, minmay_temple_entry_waves
D:6:      layout_loops_ring, chequers_temple_overflow_minitemple
D:7:      layout_basic
D:8:      minmay_distorted_concentric_squares, layout_basic, uniq_joseph
Temple:   nicolae_temple_x_marks_the_god

Skill      XL: |  1  2  3  4  5  6  7  8  9 |
---------------+----------------------------+-----
Necromancy     | 5 6 7 8 9 |  9.1
Stealth        | 3 4 5 6 |  6.0
Short Blades   | 1 2 3 |  3.9
Spellcasting   | 4 5 6 8 9 |  9.0
Dodging        | 3 4 5 |  5.6
Fighting       | 1 2 |  2.4
Evocations     | |  0.7

Action                   |  1- 3 |  4- 6 |  7- 9 || total
-------------------------+-------+-------+-------++-------
Melee: Short sword       |    10 |       |       ||    10
       Dagger            |    42 |   109 |   183 ||   334
 Cast: Pain              |    25 |    22 |    17 ||    64
       Animate Skeleton  |     5 |     3 |       ||     8
       Vampiric Draining |     2 |     7 |    28 ||    37
       Animate Dead      |       |     3 |     6 ||     9
Evoke: Wand              |       |       |     6 ||     6
  Use: Scroll            |     3 |     4 |     2 ||     9
 Stab: Sleeping          |     9 |     5 |     4 ||    18
       Distracted        |       |     1 |     3 ||     4
Armor: Robe              |    10 |    24 |    41 ||    75
Dodge: Dodged            |    28 |    88 |   171 ||   287

Table legend: (Time is in decaauts)
 A = Elapsed time spent in this place.
 B = Non-inter-level travel time spent in this place.
 C = Inter-level travel time spent in this place.
 D = Time resting spent in this place.
 E = Time spent auto-exploring this place.
 F = Levels seen in this place.
 G = Mean time per level.
                   A        B        C        D        E       F      G
               +--------+--------+--------+--------+--------+-----+--------+
         Total |  10932 |  10129 |    803 |    687 |   7893 |   9 | 1214.7 |
       Dungeon |  10836 |  10042 |    794 |    687 |   7805 |   8 | 1354.5 |
        Temple |     96 |     88 |      8 |      0 |     88 |   1 |   96.0 |
               +--------+--------+--------+--------+--------+-----+--------+

Top non-repeatable levels by time:
     D:7: 2509 daAuts
     D:5: 1723 daAuts
     D:1: 1621 daAuts
     D:4: 1488 daAuts
     D:6: 1197 daAuts
     D:2: 1169 daAuts
     D:8: 624 daAuts
     D:3: 501 daAuts
  Temple: 96 daAuts
